 Dungeon Crawl Stone Soup version 0.21-a0-344-g2144152 (webtiles) character file.

22513 Amnesiac the Geomancer (level 13, -3/98 HPs)
             Began as a Gnoll Earth Elementalist on Oct 4, 2017.
             Was a Priest of Ashenzari.
             Slain by a freezing wraith (16 damage)
             ... led by a death knight
             ... on level 12 of the Dungeon.
             The game lasted 00:37:52 (11896 turns).

Amnesiac the Geomancer (Gnoll Earth Elementalist)  Turns: 11896, Time: 00:37:53

Health: -3/98      AC:  8    Str: 11    XL:     13   Next: 0%
Magic:  18/35      EV: 17    Int: 26    God:    Ashenzari [***...]
Gold:   680        SH: 14    Dex: 15    Spells: 4/30 levels left

rFire    . . .     SeeInvis +   K - +3 dagger (speed)
rCold    . . .     Gourm    .   n - +2 buckler {rN+}
rNeg     + . .     Faith    .   T - +2 leather armour {MR+}
rPois    .         Spirit   .   H - +0 helmet
rElec    .         Reflect  +   (no cloak)
rCorr    .         Harm     .   L - +0 pair of gloves
MR       +....                  (no boots)
Stlth    ++++......             A - +6 amulet of reflection (curse)
HPRegen  0.26/turn              k - ring of magical power (curse)
MPRegen  0.24/turn              o - +3 ring of intelligence (curse)

@: slowed, very slow
A: distributed training, fangs 1, strong nose
a: Curse Item, Scrying, Renounce Religion


You were on level 12 of the Dungeon.
You worshipped Ashenzari.
Ashenzari was most pleased with you.
You were not hungry.

You visited 2 branches of the dungeon, and saw 13 of its levels.

You collected 680 gold pieces.

Inventory:

Hand Weapons
 z - the +9 war axe of Accidental Termination {chop, rF+++}
   (You found it on level 5 of the Dungeon)

   It inflicts extra damage upon your enemies.
   It renders you almost immune to fire.
 J - a +0 blowgun
 K - a +3 dagger of speed (weapon)
Missiles
 b - 311 stones (quivered)
 g - 53 poisoned needles
 R - 2 throwing nets
 S - 2 curare-tipped needles
Armour
 n - a +2 buckler of positive energy (worn)
 D - a +1 robe of cold resistance
 H - a +0 helmet (worn)
 L - a +0 pair of gloves (worn)
 T - a +2 leather armour of magic resistance (worn)
Jewellery
 j - an uncursed ring of ice
 k - a cursed ring of magical power (left hand)
 o - a cursed +3 ring of intelligence (right hand)
 A - a cursed +6 amulet of reflection (around neck)
 U - an uncursed amulet of guardian spirit
 Y - an uncursed ring of ice
Wands
 G - a wand of acid (6/15)
 P - a wand of random effects (26/48)
 W - a wand of disintegration (15/24)
Scrolls
 c - a scroll of identify {!r}
 e - a scroll of vulnerability {!r}
 i - 6 scrolls of remove curse {!r}
 r - 10 scrolls of teleportation {!r, unknown}
 t - 3 scrolls of amnesia {!r}
 w - 3 scrolls of enchant weapon {!r}
 x - a scroll of magic mapping {!r}
 y - 2 scrolls of blinking {!r}
 C - a scroll of fog {!r}
 E - 2 scrolls of enchant armour {!r}
 I - 2 scrolls of recharging {!r}
 Q - 2 scrolls of immolation {!r}
Potions
 a - 3 potions of heal wounds {!q, unknown}
 q - 3 potions of agility {!q, unknown}
 s - a potion of brilliance {!q, unknown}
 u - 8 potions of curing {!q}
 F - 2 potions of invisibility {!q, unknown}
 N - a potion of mutation {!q, unknown}
 X - a potion of berserk rage {!q}
Books
 h - a book of Minor Magic

   Spells                             Type                      Level
   a - Magic Dart                     Conjuration                  1
   b - Blink                          Translocation                2
   c - Call Imp                       Summoning                    2
   d - Slow                           Hexes                        2
   e - Conjure Flame                  Conjuration/Fire             3
   f - Mephitic Cloud                 Conjuration/Poison/Air       3
 V - a book of Death

   Spells                             Type                      Level
   a - Corpse Rot                     Necromancy                   2
   b - Sublimation of Blood           Necromancy                   2
   c - Agony                          Necromancy                   5
   d - Dispel Undead                  Necromancy                   5
   e - Excruciating Wounds            Charms/Necromancy            5
   f - Bolt of Draining               Conjuration/Necromancy       5
Comestibles
 d - 8 bread rations
 f - 2 chunks of flesh
 m - 6 royal jellies
 M - 4 meat rations
 O - 10 fruits


   Skills:
 + Level 7.7 Fighting
 + Level 7.7 Short Blades
 + Level 7.7 Long Blades
 + Level 7.7 Axes
 + Level 7.7 Maces & Flails
 + Level 7.7 Polearms
 + Level 7.7 Staves
 + Level 7.7 Slings
 + Level 7.7 Bows
 + Level 7.7 Crossbows
 + Level 7.7 Throwing
 + Level 7.7 Armour
 + Level 9.0 Dodging
 + Level 8.8 Stealth
 + Level 7.7 Shields
 + Level 7.7 Unarmed Combat
 + Level 9.2 Spellcasting
 + Level 7.7(10.6) Conjurations
 + Level 7.7(10.6) Hexes
 + Level 7.7(10.6) Charms
 + Level 7.7(10.6) Summonings
 + Level 7.7(10.6) Necromancy
 + Level 7.7(10.6) Translocations
 + Level 8.1(11.0) Transmutations
 + Level 7.7(10.6) Fire Magic
 + Level 7.7(10.6) Ice Magic
 + Level 7.7(10.6) Air Magic
 + Level 10.1(12.8) Earth Magic
 + Level 7.7(10.6) Poison Magic
 + Level 7.7 Invocations
 + Level 7.7(10.6) Evocations


You had 4 spell levels left.
You knew the following spells:

 Your Spells              Type           Power        Failure   Level  Hunger
a - Animate Skeleton      Necr           N/A          1%          1    None
b - Passwall              Tmut/Erth      ######....   1%          2    None
c - Airstrike             Air            ######....   1%          4    #......
d - Lee's Rapid Deconstr  Erth           ######....   1%          5    ####...
e - Petrify               Tmut/Erth      ######..     1%          4    #......
f - Apportation           Tloc           ######       1%          1    None
g - Confusing Touch       Hex            ######       1%          1    None
h - Call Imp              Summ           ######..     1%          2    None
i - Bolt of Draining      Conj/Necr      ######....   2%          5    ####...
q - Sandblast             Erth           ######       1%          1    None


Dungeon Overview and Level Annotations

Branches:
Dungeon (12/15)            Temple (1/1) D:5            Lair (0/6) D:11
    Orc (0/2) D:9

Altars:
Ashenzari
Cheibriados
Dithmenos
Elyvilon
Fedhas
Gozag
Hepliaklqana
Kikubaaqudgha
Makhleb
Nemelex Xobeh
Okawaru
Qazlal
Ru
Sif Muna
Trog
Uskayaw
Vehumet
Wu Jian
Xom
Yredelemnul
Zin
The Shining One


Innate Abilities, Weirdness & Mutations

Your experience applies equally to all skills.
You have very sharp teeth.
Your uncanny sense of smell can sniff out nearby items.


Message History

The bolt of negative energy hits the wraith.
The wraith completely resists.
The death knight hits you with a battleaxe!
The wraith completely misses you.
Unknown command.
Casting: Bolt of Draining
Confirm with . or Enter, or press ? or * to list all spells.
Aiming: Bolt of Draining
Press: ? - help, Shift-Dir - straight line, f/p - death knight
Aim: a death knight, wielding a battleaxe and wearing a chain mail (severely wounded)
The bolt of negative energy misses the death knight.
The bolt of negative energy hits the freezing wraith.
The freezing wraith completely resists.
The wraith closely misses you.
The death knight hits you with a battleaxe!!
Press: ? - help, v - describe, . - travel
Here: a death knight, wielding a battleaxe and wearing a chain mail (severely wounded)
The floor, spattered with blood.
Casting: Bolt of Draining
Confirm with . or Enter, or press ? or * to list all spells.
Aiming: Bolt of Draining
Press: ? - help, Shift-Dir - straight line, f/p - death knight
Aim: a death knight, wielding a battleaxe and wearing a chain mail (severely wounded)
The bolt of negative energy hits the death knight.
The death knight is drained!
You kill the death knight!
You have reached level 13!
The bolt of negative energy hits the freezing wraith.
The freezing wraith completely resists.
You block the wraith's attack.
Okay, then.
Casting: Bolt of Draining
Confirm with . or Enter, or press ? or * to list all spells.
Which direction?
The wraith hits you!
* * * LOW HITPOINT WARNING * * *
You block the freezing wraith's attack. x2
You begin to meditate on the wall.
You continue meditating on the rock.
The wraith closely misses you. The freezing wraith hits you.
* * * LOW HITPOINT WARNING * * *
The freezing wraith freezes you!!
* * * LOW HITPOINT WARNING * * *
The freezing wraith hits you.
* * * LOW HITPOINT WARNING * * *
The freezing wraith drains your vigour!
You feel yourself slow down.
You continue meditating on the rock.
The wraith misses you. You block the freezing wraith's attack.
The freezing wraith hits you!
* * * LOW HITPOINT WARNING * * *
The freezing wraith drains your vigour!
You feel as though you will be slow longer.
The wraith completely misses you.
The freezing wraith completely misses you.
You block the freezing wraith's attack.
You continue meditating on the rock.
The wraith hits you.
* * * LOW HITPOINT WARNING * * *
The wraith drains your vigour!
You feel as though you will be slow longer.
The freezing wraith hits you but does no damage.
You block the freezing wraith's attack.
You continue meditating on the rock.
You block the wraith's attack. The freezing wraith hits you.
* * * LOW HITPOINT WARNING * * *
The freezing wraith freezes you!
You die...

#.# ##.#.## #.#
#....... # #.# ##.##
#.# #.#.#### # #.# #.#
#.# #.#.# ###.##### #.#
#.#####.#.#* *
........###.##*
#.......#.. ,
##........... #
####.######* *
##..###.#...#.## #
##..#
#.#.##...########. #..#
#.......WW@W....:.
#..###...##..<#########
#........###.#
##.###.#.[.#.# #.#
#.###.#.#
,#.###.###.#.#
#.........$.# ########
∆#####.###.###
#......## ,, ..# #.####
#..#.#..#


You could see a freezing wraith and 2 wraiths.

Vanquished Creatures
  Fannar (D:10)
  A hydra (D:11)
  5 two-headed ogres
  A death knight (D:12)
  3 unseen horrors
  The ghost of tidbits the Charmwright, a novice GnSk (D:6)
  A manticore (D:12)
  6 slime creatures (D:12)
  A gargoyle (D:12)
  2 kobold demonologists (D:11)
  The ghost of anet the Magician, a novice DEWz (D:5)
  A troll (D:10)
  A hornet (D:8)
  2 shadows
  19 yaks
  4 hogs (D:9)
  A hungry ghost (D:10)
  2 wyverns (D:11)
  A human (D:9)
  Grum (D:10)
  3 wargs
  Menkaure (D:5)
  A water moccasin (D:8)
  6 sky beasts
  3 ice beasts
  8 orc warriors
  A black bear (D:10)
  2 necrophages
  3 phantoms
  8 ogres
  4 wolves (D:10)
  6 centaurs
  8 bullfrogs
  4 big kobolds
  A scorpion (D:7)
  3 killer bees (D:12)
  9 howler monkeys
  A wight (D:5)
  2 bullfrog zombies
  5 crimson imps
  2 jellies
  A centaur skeleton (D:4)
  6 hounds
  15 orc priests
  19 orc wizards
  2 bullfrog skeletons
  7 worker ants
  2 hound zombies
  A hound skeleton (D:5)
  A worker ant zombie (D:5)
  8 gnolls
  A howler monkey zombie (D:5)
  2 howler monkey skeletons
  19 adders
  12 river rats (D:6)
  A shadow imp (D:6)
  An ooze (D:4)
  An adder skeleton (D:9)
  4 worms
  2 dart slugs
  7 leopard geckos
  62 orcs
  5 bats
  4 giant cockroaches
  2 gnoll zombies (D:6)
  10 goblins
  8 hobgoblins
  23 jackals
  8 quokkas
  3 ball pythons
  3 frilled lizards
  A jackal skeleton (D:4)
  16 kobolds
  A leopard gecko skeleton (D:5)
  17 rats
411 creatures vanquished.

Vanquished Creatures (others)
  A centaur (D:9)
  8 fungi (D:9)
  4 plants (D:9)
13 creatures vanquished.

Grand Total: 424 creatures vanquished

Notes
Turn   | Place    | Note
-------+----------+-------------------------------------------
     0 | D:1      | Amnesiac the Gnoll Earth Elementalist began the quest for the Orb.
     0 | D:1      | Reached XP level 1. HP: 13/13 MP: 6/6
   135 | D:2      | Reached XP level 2. HP: 11/20 MP: 5/7
   143 | D:2      | Learned a level 2 spell: Passwall
   269 | D:3      | Found a deep blue altar of Sif Muna.
   272 | D:3      | Found a hazy altar of Hepliaklqana.
   326 | D:3      | Reached XP level 3. HP: 16/25 MP: 9/9
   350 | D:3      | Reached skill level 5 in Spellcasting
   823 | D:3      | Found a snail-covered altar of Cheibriados.
   958 | D:4      | Reached skill level 1 in Fighting
   958 | D:4      | Reached skill level 1 in Short Blades
   958 | D:4      | Reached skill level 1 in Long Blades
   958 | D:4      | Reached skill level 1 in Axes
   958 | D:4      | Reached skill level 1 in Maces & Flails
   958 | D:4      | Reached skill level 1 in Polearms
   958 | D:4      | Reached skill level 1 in Staves
   958 | D:4      | Reached skill level 1 in Slings
   958 | D:4      | Reached skill level 1 in Bows
   958 | D:4      | Reached skill level 1 in Crossbows
   958 | D:4      | Reached skill level 1 in Throwing
   958 | D:4      | Reached skill level 1 in Armour
   958 | D:4      | Reached skill level 1 in Shields
   958 | D:4      | Reached skill level 1 in Unarmed Combat
   958 | D:4      | Reached skill level 1 in Conjurations
   958 | D:4      | Reached skill level 1 in Hexes
   958 | D:4      | Reached skill level 1 in Charms
   958 | D:4      | Reached skill level 1 in Summonings
   958 | D:4      | Reached skill level 1 in Necromancy
   958 | D:4      | Reached skill level 1 in Translocations
   958 | D:4      | Reached skill level 1 in Fire Magic
   958 | D:4      | Reached skill level 1 in Ice Magic
   958 | D:4      | Reached skill level 1 in Air Magic
   958 | D:4      | Reached skill level 1 in Poison Magic
   958 | D:4      | Reached skill level 1 in Invocations
   958 | D:4      | Reached skill level 1 in Evocations
   958 | D:4      | Reached XP level 4. HP: 30/32 MP: 7/11
  1061 | D:4      | Learned a level 4 spell: Petrify
  1084 | D:4      | Reached XP level 5. HP: 37/37 MP: 12/12
  1308 | D:4      | Noticed an ogre
  1324 | D:4      | Reached XP level 6. HP: 39/44 MP: 6/13
  1331 | D:4      | Learned a level 5 spell: Lee's Rapid Deconstruction
  1337 | D:4      | Reached skill level 5 in Dodging
  1504 | D:5      | Entered Level 5 of the Dungeon
  1522 | D:5      | Reached XP level 7. HP: 49/50 MP: 2/15
  1577 | D:5      | Reached skill level 7 in Earth Magic
  1588 | D:5      | Found a staircase to the Ecumenical Temple.
  1588 | D:5      | Noticed anet's ghost (novice DEWz)
  1606 | Temple   | Entered the Ecumenical Temple
  1817 | D:5      | Killed anet's ghost
  1817 | D:5      | Reached skill level 5 in Stealth
  2154 | D:5      | Noticed Menkaure
  2159 | D:5      | Killed Menkaure
  2159 | D:5      | Reached XP level 8. HP: 33/57 MP: 8/16
  2223 | D:5      | Noticed a two-headed ogre
  2312 | D:5      | Killed a two-headed ogre
  2312 | D:5      | Reached XP level 9. HP: 47/65 MP: 1/18
  2634 | D:5      | Got a jewelled war axe
  3046 | D:6      | Learned a level 4 spell: Airstrike
  3300 | D:6      | Found a basalt altar of Yredelemnul.
  3345 | D:6      | Reached skill level 5 in Transmutations
  3585 | D:6      | Found an ancient bone altar of Kikubaaqudgha.
  3693 | D:6      | Reached skill level 8 in Earth Magic
  4010 | D:7      | Found a shattered altar of Ashenzari.
  4010 | D:7      | Noticed a two-headed ogre
  4060 | D:7      | Became a worshipper of Ashenzari the Shackled
  4073 | D:7      | Reached XP level 10. HP: 60/73 MP: 9/20
  4572 | D:1      | Identified the +9 war axe of Accidental Termination {chop, rF+++} (You found it on level 5 of the Dungeon)
  5263 | D:2      | Reached * piety under Ashenzari
  6503 | D:6      | Noticed tidbits's ghost (novice GnSk)
  6521 | D:6      | Killed tidbits's ghost
  6717 | D:7      | Reached skill level 5 in Fighting
  6717 | D:7      | Reached skill level 5 in Short Blades
  6717 | D:7      | Reached skill level 5 in Long Blades
  6717 | D:7      | Reached skill level 5 in Axes
  6717 | D:7      | Reached skill level 5 in Maces & Flails
  6717 | D:7      | Reached skill level 5 in Polearms
  6717 | D:7      | Reached skill level 5 in Staves
  6717 | D:7      | Reached skill level 5 in Slings
  6717 | D:7      | Reached skill level 5 in Bows
  6717 | D:7      | Reached skill level 5 in Crossbows
  6717 | D:7      | Reached skill level 5 in Throwing
  6717 | D:7      | Reached skill level 5 in Armour
  6717 | D:7      | Reached skill level 5 in Shields
  6717 | D:7      | Reached skill level 5 in Unarmed Combat
  6717 | D:7      | Reached skill level 5 in Conjurations
  6717 | D:7      | Reached skill level 5 in Hexes
  6717 | D:7      | Reached skill level 5 in Charms
  6717 | D:7      | Reached skill level 5 in Summonings
  6717 | D:7      | Reached skill level 5 in Necromancy
  6717 | D:7      | Reached skill level 5 in Translocations
  6717 | D:7      | Reached skill level 5 in Fire Magic
  6717 | D:7      | Reached skill level 5 in Ice Magic
  6717 | D:7      | Reached skill level 5 in Air Magic
  6717 | D:7      | Reached skill level 5 in Poison Magic
  6717 | D:7      | Reached skill level 5 in Invocations
  6717 | D:7      | Reached skill level 5 in Evocations
  7193 | D:6      | Killed a two-headed ogre
  8013 | D:8      | Noticed a two-headed ogre
  8021 | D:8      | Killed a two-headed ogre
  8021 | D:8      | Reached XP level 11. HP: 81/81 MP: 22/22
  8448 | D:9      | Reached skill level 9 in Earth Magic
  8694 | D:9      | Reached ** piety under Ashenzari
  8726 | D:9      | Found a staircase to the Orcish Mines.
  8951 | D:9      | Killed an unseen horror
  9156 | D:9      | Found a blossoming altar of Fedhas.
  9403 | D:10     | Entered Level 10 of the Dungeon
  9805 | D:10     | Noticed Fannar
  9819 | D:10     | Killed Fannar
  9956 | D:10     | Reached XP level 12. HP: 77/89 MP: 18/24
 10119 | D:10     | Reached *** piety under Ashenzari
 10156 | D:10     | Noticed Grum
 10198 | D:10     | Killed Grum
 10631 | D:11     | Noticed a two-headed ogre
 10640 | D:11     | Killed a two-headed ogre
 10658 | D:11     | Learned a level 1 spell: Animate Skeleton
 10662 | D:11     | Learned a level 1 spell: Apportation
 10664 | D:11     | Learned a level 1 spell: Confusing Touch
 10667 | D:11     | Learned a level 2 spell: Call Imp
 10717 | D:11     | Noticed a six-headed hydra
 10724 | D:11     | Killed a six-headed hydra
 10988 | D:11     | Found a staircase to the Lair.
 11027 | D:11     | Learned a level 5 spell: Bolt of Draining
 11057 | D:11     | Noticed a two-headed ogre
 11062 | D:11     | Killed a two-headed ogre
 11499 | D:12     | Reached skill level 10 in Earth Magic
 11602 | D:12     | Noticed a death knight
 11891 | D:12     | Killed a death knight
 11891 | D:12     | Reached XP level 13. HP: 57/98 MP: 18/26
 11896 | D:12     | Slain by a freezing wraith

Vault maps used:
D:1:      dpeg_arrival_pits, patterned_corridor
D:2:      minmay_misc_feat_iff
D:3:      nicolae_overflow_hidden_temple,
          chequers_temple_overflow_statue_of_worship
D:4:      minmay_surrounded
D:5:      cheibrodos_barr_body, minmay_temple_entry_water_ring, first_bread,
          uniq_menkaure
D:6:      lemuel_ratsnest, kiku_gazebo_garden_becter,
          lemuel_zombie_altar_yredelemnul, minmay_a_box_with_orc_wizards_in_it
D:7:      evilmike_ruin_ashenzari
D:9:      fedhas_altar_3, erik_orc_4, grunt_livestock
D:10:     minmay_orc_keep, uniq_fannar, uniq_grum
D:11:     erik_lair_orcish_takeover
D:12:     serial_glass, glass_columns_a, glass_columns_a, glass_columns_a,
          bh_walls_and_bars
Temple:   regret_index_temple_generic_petals

Skill      XL: |  1  2  3  4  5  6  7  8  9 10 11 12 |
---------------+-------------------------------------+-----
Spellcasting   | 5 6 7 8 9 |  9.2
Fighting       | 1 2 3 4 5 6 7 |  7.7
Short Blades   | 1 2 3 4 5 6 7 |  7.7
Long Blades    | 1 2 3 4 5 6 7 |  7.7
Axes           | 1 2 3 4 5 6 7 |  7.7
Maces & Flails | 1 2 3 4 5 6 7 |  7.7
Polearms       | 1 2 3 4 5 6 7 |  7.7
Staves         | 1 2 3 4 5 6 7 |  7.7
Slings         | 1 2 3 4 5 6 7 |  7.7
Bows           | 1 2 3 4 5 6 7 |  7.7
Crossbows      | 1 2 3 4 5 6 7 |  7.7
Throwing       | 1 2 3 4 5 6 7 |  7.7
Armour         | 1 2 3 4 5 6 7 |  7.7
Shields        | 1 2 3 4 5 6 7 |  7.7
Unarmed Combat | 1 2 3 4 5 6 7 |  7.7
Conjurations   | 1 2 3 4 5 6 7 |  7.7
Hexes          | 1 2 3 4 5 6 7 |  7.7
Charms         | 1 2 3 4 5 6 7 |  7.7
Summonings     | 1 2 3 4 5 6 7 |  7.7
Necromancy     | 1 2 3 4 5 6 7 |  7.7
Translocations | 1 2 3 4 5 6 7 |  7.7
Fire Magic     | 1 2 3 4 5 6 7 |  7.7
Ice Magic      | 1 2 3 4 5 6 7 |  7.7
Air Magic      | 1 2 3 4 5 6 7 |  7.7
Poison Magic   | 1 2 3 4 5 6 7 |  7.7
Invocations    | 1 2 3 4 5 6 7 |  7.7
Evocations     | 1 2 3 4 5 6 7 |  7.7
Transmutations | 3 4 5 6 7 8 |  8.1
Dodging        | 5 6 7 8 9 |  9.0
Earth Magic    | 7 8 9 10 | 10.1
Stealth        | 5 6 7 8 |  8.8

Action                   |  1- 3 |  4- 6 |  7- 9 | 10-12 | 13-15 || total
-------------------------+-------+-------+-------+-------+-------++-------
Melee: Unarmed           |    11 |       |       |       |       ||    11
       Dagger            |    48 |    27 |   102 |   396 |       ||   573
       Bite              |     8 |     4 |    11 |    47 |       ||    70
       Punch             |       |       |     2 |       |       ||     2
       War axe           |       |       |       |    94 |       ||    94
 Cast: Sandblast         |    20 |    32 |    91 |    42 |       ||   185
       Passwall          |     7 |     8 |    11 |    27 |     1 ||    54
       Petrify           |       |     4 |    25 |    99 |       ||   128
       Lee's Rapid Decon |       |       |     8 |    46 |       ||    54
       Airstrike         |       |       |       |     4 |       ||     4
       Bolt of Draining  |       |       |       |     2 |     1 ||     3
Invok: Curse Item        |       |       |       |     3 |       ||     3
  Use: Scroll            |       |       |       |    15 |       ||    15
 Stab: Sleeping          |     7 |     3 |     4 |    38 |       ||    52
       Petrified         |       |     2 |    19 |    65 |       ||    86
       Petrifying        |       |       |     5 |    13 |       ||    18
  Eat: Chunk             |       |     2 |    13 |    39 |       ||    54
       Fruit             |       |       |     1 |       |       ||     1
Armor: Robe              |     2 |     7 |    13 |    36 |       ||    58
       Leather armour    |       |       |       |     4 |     1 ||     5
Dodge: Dodged            |    54 |    32 |    92 |   183 |     4 ||   365
Block: Buckler           |       |       |    10 |   271 |     7 ||   288
       Reflection        |       |       |       |    16 |       ||    16

Table legend:
 A = Spawn XP
 B = Non-spawn XP
 C = Spawn XP percentage of total XP
 D = Spawn monster count
 E = Non-spawn monster count
 F = Spawn count percentage of total count
 G = Total turns spent on level
                    A         B        C        D         E        F      G
               +---------+---------+-------+---------+---------+-------+---------
         Total |       0 |   32162 |   0.0 |       0 |     412 |   0.0 | 11896
               +---------+---------+-------+---------+---------+-------+---------
           D:1 |       0 |      23 |   0.0 |       0 |      13 |   0.0 |   947
           D:2 |       0 |      71 |   0.0 |       0 |      19 |   0.0 |   892
           D:3 |       0 |      79 |   0.0 |       0 |      25 |   0.0 |  1376
           D:4 |       0 |     495 |   0.0 |       0 |      26 |   0.0 |   785
           D:5 |       0 |    2319 |   0.0 |       0 |      32 |   0.0 |  1067
           D:6 |       0 |    2748 |   0.0 |       0 |      59 |   0.0 |  1224
           D:7 |       0 |     920 |   0.0 |       0 |      36 |   0.0 |   764
           D:8 |       0 |    3473 |   0.0 |       0 |      36 |   0.0 |  1069
           D:9 |       0 |    4827 |   0.0 |       0 |      50 |   0.0 |  1071
          D:10 |       0 |    5484 |   0.0 |       0 |      54 |   0.0 |  1075
          D:11 |       0 |    5651 |   0.0 |       0 |      36 |   0.0 |   829
          D:12 |       0 |    6072 |   0.0 |       0 |      26 |   0.0 |   589
               +---------+---------+-------+---------+---------+-------+---------
